XFBL
KANSAS CITY ROYALS @ TEXAS RANGERS
05/29/1982
 
TOP OF THE 1ST
Kansas City Royals batting - Pitching for Texas Rangers : RHP Pascual Perez
Pitching: RHP Pascual Perez
Batting: RHB Rickey Henderson 0-0: Ball
1-0: Ball
2-0: Called Strike
2-1: Fly out, F7 (Flyball, 7S, EV 89.4 MPH)
Batting: LHB Gene Richards 0-0: Called Strike
0-1: Ball
1-1: Called Strike
1-2: Ground out 4-3 (Groundball, 4, EV 86.3 MPH)
Batting: RHB Jeffrey Leonard 0-0: Called Strike
0-1: Ball
1-1: DOUBLE (Flyball, 8RXD, EV 109.4 MPH)
Batting: LHB Alvin Davis 0-0: Called Strike
0-1: Ball
1-1: Ball
2-1: Ball
3-1: Base on Balls
Batting: RHB Gary Carter 0-0: Foul Ball, location: 2F
0-1: Ball
1-1: Foul Ball, location: 2F
1-2: Ball
2-2: Fly out, F7 (Flyball, 7LD, EV 96.3 MPH)
Top of the 1st over - 0 runs, 1 hit, 0 errors, 2 left on base; Kansas City 0 - Texas 0
BOTTOM OF THE 1ST
Texas Rangers batting - Pitching for Kansas City Royals : LHP Dave LaPoint
Pitching: LHP Dave LaPoint
Batting: LHB Lenny Dykstra 0-0: Ball
1-0: Ball
2-0: Ball
3-0: Called Strike
3-1: Bunted foul
3-2: Base on Balls
Batting: RHB Kirby Puckett 0-0: Ball
1-0: Ball
2-0: SINGLE (Groundball, 34D, EV 105.0 MPH)
Lenny Dykstra to second
Runner from 2nd tries for 3rd, SAFE, throw by RF made to third
Batting: RHB Steve Garvey 0-0: Called Strike
0-1: Foul Ball, location: 2F
0-2: Ball
1-2: Ball
2-2: Ball
3-2: Base on Balls
Kirby Puckett to second
Batting: RHB Steve Balboni 0-0: Ball
1-0: Foul Ball, location: 2F
1-1: Called Strike
1-2: Ball
2-2: Fly out, F8 (Flyball, 8RS, EV 78.1 MPH)
Batting: RHB George Bjorkman 0-0: Ball
1-0: Called Strike
1-1: Ball
2-1: Grounds into double play, 5-4-3 (Groundball, 56, EV 103.8 MPH)
Bottom of the 1st over - 0 runs, 1 hit, 0 errors, 2 left on base; Kansas City 0 - Texas 0
TOP OF THE 2ND
Kansas City Royals batting - Pitching for Texas Rangers : RHP Pascual Perez
Batting: LHB Jim Eisenreich 0-0: DOUBLE (Line Drive, 7LS, EV 94.4 MPH)
Batting: RHB Bob Horner 0-0: Ball
1-0: Called Strike
1-1: Called Strike
1-2: Ball
2-2: Ground out 4-3 (Groundball, 4, EV 94.4 MPH)
Jim Eisenreich to third
Batting: LHB Rick Manning 0-0: Swinging Strike
0-1: Ball
1-1: Foul Ball, location: 2F
1-2: Foul Ball, location: 2F
1-2: Ball
2-2: Foul Ball, location: 2F
2-2: Strikes out looking
Batting: RHB Alberto Gonzalez 0-0: Ball
1-0: Called Strike
1-1: Ball
2-1: Swinging Strike
2-2: Foul Ball, location: 2F
2-2: Foul Ball, location: 2F
2-2: Ball
3-2: Strikes out swinging
Top of the 2nd over - 0 runs, 1 hit, 0 errors, 1 left on base; Kansas City 0 - Texas 0
BOTTOM OF THE 2ND
Texas Rangers batting - Pitching for Kansas City Royals : LHP Dave LaPoint
Batting: RHB Rich Dauer 0-0: Called Strike
0-1: Foul Ball, location: 2F
0-2: Ball
1-2: Ball
2-2: Strikes out swinging
Batting: RHB Joe Charboneau 0-0: Ball
1-0: Foul Ball, location: 2F
1-1: Ground out 4-3 (Groundball, 4S, EV 78.8 MPH)
Batting: RHB Juan Rodriguez 0-0: Swinging Strike
0-1: Foul Ball, location: 2F
0-2: Strikes out swinging
Bottom of the 2nd over - 0 runs, 0 hits, 0 errors, 0 left on base; Kansas City 0 - Texas 0
TOP OF THE 3RD
Kansas City Royals batting - Pitching for Texas Rangers : RHP Pascual Perez
Batting: RHB Rickey Henderson 0-0: Ball
1-0: Ball
2-0: Foul Ball, location: 2F
2-1: Fly out, F7 (Flyball, 7LS, EV 88.1 MPH)
Batting: LHB Gene Richards 0-0: Ball
1-0: Called Strike
1-1: Foul Ball, location: 2F
1-2: Strikes out swinging
Batting: RHB Jeffrey Leonard 0-0: SINGLE (Line Drive, 34D, EV 104.4 MPH)
Batting: LHB Alvin Davis 0-0: Called Strike
0-1: Ball
1-1: Ball
2-1: Ball
3-1: Fly out, F8 (Line Drive, 8RD, EV 95.6 MPH)
Top of the 3rd over - 0 runs, 1 hit, 0 errors, 1 left on base; Kansas City 0 - Texas 0
BOTTOM OF THE 3RD
Texas Rangers batting - Pitching for Kansas City Royals : LHP Dave LaPoint
Batting: RHB Juan Samuel 0-0: Swinging Strike
0-1: Ball
1-1: Swinging Strike
1-2: Ball
2-2: SINGLE (Line Drive, 78S, EV 87.5 MPH)
Batting: LHB Lenny Dykstra 0-0: Ball
1-0: Ball
2-0: Called Strike
2-1: Fielders Choice at 2nd, 3-6 (Groundball, 3, EV 85.0 MPH)
Batting: RHB Kirby Puckett 0-0: Called Strike
0-1: Ball
1-1: Swinging Strike
1-2: Foul Ball, location: 2F
1-2: Strikes out looking
Batting: RHB Steve Garvey 0-0: Called Strike
Lenny Dykstra steals 2nd base
0-1: Ground out 6-3 (Groundball, 6, EV 83.1 MPH)
Bottom of the 3rd over - 0 runs, 1 hit, 0 errors, 1 left on base; Kansas City 0 - Texas 0
TOP OF THE 4TH
Kansas City Royals batting - Pitching for Texas Rangers : RHP Pascual Perez
Batting: RHB Gary Carter 0-0: SOLO HOME RUN (Flyball, 89XD, EV 99.4 MPH), Distance : 421 ft
Batting: LHB Jim Eisenreich 0-0: Foul Ball, location: 2F
0-1: Ball
1-1: Foul Ball, location: 2F
1-2: Foul Ball, location: 2F
1-2: Foul Ball, location: 2F
1-2: Ball
2-2: Foul Ball, location: 2F
2-2: Ball
3-2: SINGLE (Line Drive, 89S, EV 105.6 MPH)
Batting: RHB Bob Horner 0-0: Ball
1-0: SINGLE (Flyball, 78S, EV 87.5 MPH)
Jim Eisenreich to second
Batting: LHB Rick Manning 0-0: Ball
1-0: Foul Ball, location: 2F
1-1: Swinging Strike
1-2: Ground out 3-1 (Groundball, 34S, EV 84.4 MPH)
Jim Eisenreich to third
Bob Horner to second
Batting: RHB Alberto Gonzalez 0-0: Called Strike
0-1: Ball
Wild Pitch!
Jim Eisenreich scores
Bob Horner to third
1-1: Swinging Strike
1-2: Ball
2-2: Strikes out swinging
Batting: RHB Rickey Henderson 0-0: Called Strike
0-1: Ball
1-1: Foul Ball, location: 2F
1-2: Ball
2-2: Foul Ball, location: 2F
2-2: SINGLE (Flyball, 3D, EV 100.0 MPH)
Bob Horner scores
Batting: LHB Gene Richards 0-0: Called Strike
Rickey Henderson steals 2nd base (no throw)
0-1: Ball
1-1: Fly out, F8 (Flyball, 8LS, EV 90.6 MPH)
Top of the 4th over - 3 runs, 4 hits, 0 errors, 1 left on base; Kansas City 3 - Texas 0
BOTTOM OF THE 4TH
Texas Rangers batting - Pitching for Kansas City Royals : LHP Dave LaPoint
Batting: RHB Steve Balboni 0-0: Called Strike
0-1: Ball
1-1: Ball
2-1: Called Strike
2-2: Strikes out looking
Batting: RHB George Bjorkman 0-0: Called Strike
0-1: Ball
1-1: Swinging Strike
1-2: Strikes out swinging
Batting: RHB Rich Dauer 0-0: Called Strike
0-1: Ball
1-1: Ball
2-1: Ball
3-1: Base on Balls
Batting: RHB Joe Charboneau 0-0: Foul Ball, location: 2F
0-1: Ball
1-1: Foul Ball, location: 2F
1-2: Fly out, F9 (Line Drive, 9, EV 95.0 MPH)
Bottom of the 4th over - 0 runs, 0 hits, 0 errors, 1 left on base; Kansas City 3 - Texas 0
TOP OF THE 5TH
Kansas City Royals batting - Pitching for Texas Rangers : RHP Pascual Perez
Batting: RHB Jeffrey Leonard 0-0: Ball
1-0: Called Strike
1-1: Ball
2-1: Called Strike
2-2: Ground out 6-3 (Groundball, 6S, EV 83.1 MPH)
Batting: LHB Alvin Davis 0-0: Ball
1-0: Ball
2-0: Swinging Strike
2-1: Swinging Strike
2-2: Foul Ball, location: 2F
2-2: Strikes out swinging
Batting: RHB Gary Carter 0-0: Ball
1-0: SINGLE (Line Drive, 7S, EV 102.5 MPH)
Batting: LHB Jim Eisenreich 0-0: 2-RUN HOME RUN (Flyball, 9LD, EV 96.9 MPH), Distance : 355 ft
Batting: RHB Bob Horner 0-0: Called Strike
0-1: Ball
1-1: Swinging Strike
1-2: Strikes out swinging
Top of the 5th over - 2 runs, 2 hits, 0 errors, 0 left on base; Kansas City 5 - Texas 0
BOTTOM OF THE 5TH
Texas Rangers batting - Pitching for Kansas City Royals : LHP Dave LaPoint
Batting: RHB Juan Rodriguez 0-0: Ball
1-0: Foul Ball, location: 2F
1-1: Foul Ball, location: 2F
1-2: Foul Ball, location: 2F
1-2: Strikes out swinging
Batting: RHB Juan Samuel 0-0: Swinging Strike
0-1: Swinging Strike
0-2: Ground out 3-1 (Groundball, 34, EV 104.4 MPH)
Batting: LHB Lenny Dykstra 0-0: Called Strike
0-1: TRIPLE (Flyball, 78XD, EV 89.4 MPH)
Batting: RHB Kirby Puckett 0-0: Ball
1-0: Called Strike
1-1: Ground out 6-3 (Groundball, 6, EV 91.9 MPH)
Bottom of the 5th over - 0 runs, 1 hit, 0 errors, 1 left on base; Kansas City 5 - Texas 0
TOP OF THE 6TH
Kansas City Royals batting - Pitching for Texas Rangers : RHP Pascual Perez
Pitching: RHP Ed Lynch
Batting: LHB Rick Manning 0-0: Ball
1-0: Called Strike
1-1: Swinging Strike
1-2: Ball
2-2: Foul Ball, location: 2F
2-2: SINGLE (Line Drive, 9S, EV 101.3 MPH)
Batting: RHB Alberto Gonzalez 0-0: Ball
1-0: 2-RUN HOME RUN (Flyball, 78XD, EV 90.0 MPH), Distance : 405 ft
Batting: RHB Rickey Henderson 0-0: Ball
1-0: Ball
2-0: Ball
3-0: Called Strike
3-1: Foul Ball, location: 2F
3-2: Base on Balls
Batting: LHB Gene Richards 0-0: Swinging Strike
0-1: Ball
1-1: Ground out 5-3 (Groundball, 56S, EV 68.1 MPH)
Rickey Henderson to second
Batting: RHB Jeffrey Leonard 0-0: Ball
1-0: Ball
2-0: SINGLE (Line Drive, 9LS, EV 103.8 MPH)
Rickey Henderson to third
Runner from 3rd tries for Home, SAFE, throw by RF to home
Batting: LHB Alvin Davis 0-0: SINGLE (Line Drive, 34D, EV 107.5 MPH)
Jeffrey Leonard to second
Batting: RHB Gary Carter 0-0: SINGLE (Groundball, 6MD, EV 108.8 MPH)
Jeffrey Leonard to third
Alvin Davis to second
Runner from 3rd tries for Home, SAFE, throw by CF to home
Pitching: RHP Williard Kinard
Batting: LHB Jim Eisenreich 0-0: Called Strike
0-1: Swinging Strike
0-2: Strikes out looking
Batting: RHB Bob Horner 0-0: Ball
1-0: Foul Ball, location: 2F
1-1: 3-RUN HOME RUN (Flyball, 78XD, EV 111.9 MPH), Distance : 444 ft
Batting: LHB Rick Manning 0-0: Ball
1-0: Ball
2-0: Called Strike
2-1: Fly out, F8 (Line Drive, 8RD, EV 90.0 MPH)
Top of the 6th over - 7 runs, 6 hits, 0 errors, 0 left on base; Kansas City 12 - Texas 0
BOTTOM OF THE 6TH
Texas Rangers batting - Pitching for Kansas City Royals : LHP Dave LaPoint
Batting: RHB Steve Garvey 0-0: Fly out, F8 (Line Drive, 8RM, EV 85.0 MPH)
Batting: RHB Steve Balboni 0-0: Swinging Strike
0-1: Ground out 4-3 (Groundball, 4, EV 82.5 MPH)
Batting: RHB George Bjorkman 0-0: Foul Ball, location: 2F
0-1: Swinging Strike
0-2: Ground out 5-3 (Groundball, 5L, EV 88.1 MPH)
Bottom of the 6th over - 0 runs, 0 hits, 0 errors, 0 left on base; Kansas City 12 - Texas 0
TOP OF THE 7TH
Kansas City Royals batting - Pitching for Texas Rangers : RHP Williard Kinard
Batting: RHB Alberto Gonzalez 0-0: Called Strike
0-1: Ball
1-1: Ground out 6-3 (Groundball, 6, EV 96.3 MPH)
Batting: RHB Rickey Henderson 0-0: Swinging Strike
0-1: Called Strike
0-2: Ball
1-2: Foul Ball, location: 2F
1-2: SINGLE (Line Drive, 9LS, EV 100.0 MPH)
Batting: LHB Gene Richards 0-0: Called Strike
0-1: Swinging Strike
0-2: Ball
1-2: Ball
2-2: Strikes out looking
Pinch Hitting: RHB Charlie O'Brien 0-0: Ball
1-0: Foul Ball, location: 2F
1-1: Ball
2-1: Fly out, F8 (Flyball, 89S, EV 93.8 MPH)
Top of the 7th over - 0 runs, 1 hit, 0 errors, 1 left on base; Kansas City 12 - Texas 0
BOTTOM OF THE 7TH
Texas Rangers batting - Pitching for Kansas City Royals : LHP Dave LaPoint
Now in LF: Charlie O'Brien
Batting: RHB Rich Dauer 0-0: Ball
1-0: Ball
2-0: Ground out 5-3 (Groundball, 56, EV 84.4 MPH)
Batting: RHB Joe Charboneau 0-0: Called Strike
0-1: Foul Ball, location: 2F
0-2: Foul Ball, location: 2F
0-2: Ball
1-2: Foul Ball, location: 2F
1-2: Foul Ball, location: 2F
1-2: Ball
2-2: Ground out 4-3 (Groundball, 4, EV 87.5 MPH)
Batting: RHB Juan Rodriguez 0-0: Ball
1-0: Called Strike
1-1: Fly out, F5 (Popup, 5SF, EV 66.3 MPH)
Bottom of the 7th over - 0 runs, 0 hits, 0 errors, 0 left on base; Kansas City 12 - Texas 0
TOP OF THE 8TH
Kansas City Royals batting - Pitching for Texas Rangers : RHP Williard Kinard
Pinch Hitting: RHB Lloyd McClendon 0-0: Ball
1-0: Foul Ball, location: 2F
1-1: Called Strike
1-2: Ball
2-2: Ball
3-2: Ground out 4-3 (Groundball, 4, EV 90.0 MPH)
Batting: RHB Gary Carter 0-0: SINGLE (Line Drive, 9LS, EV 102.5 MPH)
Batting: LHB Jim Eisenreich 0-0: Swinging Strike
0-1: Ball
1-1: Ball
2-1: Called Strike
2-2: Foul Ball, location: 2F
2-2: Ball
3-2: Strikes out swinging
Batting: RHB Bob Horner 0-0: Ball
1-0: Ball
2-0: Ball
3-0: Called Strike
3-1: Swinging Strike
3-2: Strikes out swinging
Top of the 8th over - 0 runs, 1 hit, 0 errors, 1 left on base; Kansas City 12 - Texas 0
BOTTOM OF THE 8TH
Texas Rangers batting - Pitching for Kansas City Royals : LHP Dave LaPoint
Now at C: Lloyd McClendon
Batting: RHB Juan Samuel 0-0: Called Strike
0-1: SINGLE (Groundball, 25, EV 75.0 MPH) (infield hit)
Batting: LHB Lenny Dykstra Pickoff Throw to First - Out! 1-3
0-0: Foul Ball, location: 2F
0-1: Swinging Strike
0-2: Strikes out looking
Batting: RHB Kirby Puckett 0-0: Ball
1-0: Ball
2-0: Ball
3-0: Called Strike
3-1: Ground out 5-3 (Groundball, 56S, EV 92.5 MPH)
Bottom of the 8th over - 0 runs, 1 hit, 0 errors, 0 left on base; Kansas City 12 - Texas 0
TOP OF THE 9TH
Kansas City Royals batting - Pitching for Texas Rangers : RHP Williard Kinard
Batting: LHB Rick Manning 0-0: Ball
1-0: Ball
2-0: Ball
3-0: Base on Balls
Pinch Hitting: RHB Adrian Monrreal 0-0: Ball
1-0: Fielders Choice at 2nd, 6-4 (Groundball, 6M, EV 81.9 MPH)
Batting: RHB Rickey Henderson 0-0: Called Strike
0-1: Ball
1-1: Foul Ball, location: 2F
1-2: Ball
2-2: Fly out, F6 (Flyball, 56D, EV 92.5 MPH)
Batting: LHB Gene Richards 0-0: Ball
1-0: Fly out, F6 (Line Drive, 6, EV 68.8 MPH)
Top of the 9th over - 0 runs, 0 hits, 0 errors, 1 left on base; Kansas City 12 - Texas 0
BOTTOM OF THE 9TH
Texas Rangers batting - Pitching for Kansas City Royals : LHP Dave LaPoint
Pitching: LHP Ross Baumgarten
Now at 2B: Adrian Monrreal
Batting: RHB Steve Garvey 0-0: Called Strike
0-1: Ball
1-1: Ground out 6-3 (Groundball, 6MS, EV 82.5 MPH)
Batting: RHB Steve Balboni 0-0: Ball
1-0: Ball
2-0: DOUBLE (Line Drive, 9LS, EV 87.5 MPH)
Batting: RHB George Bjorkman 0-0: Ground out 4-3 (Groundball, 4, EV 88.1 MPH)
Steve Balboni to third
Batting: RHB Rich Dauer 0-0: Ball
1-0: Foul Ball, location: 2F
1-1: Ground out 4-3 (Groundball, 4, EV 104.4 MPH)
Bottom of the 9th over - 0 runs, 1 hit, 0 errors, 1 left on base; Kansas City 12 - Texas 0
Monday, August 3rd, 2020 - OOTP Baseball 21.5 Build 76